AoeStats
← BottleDry

Hill Fort

504856061Analyzed
3v3 RM · 26d ago on Sep 6, 2026· 62m 29s· 6 players
Game mode
Random Map
Map size
Normal (6 player)
Population
200
Speed
Normal
Resources
Standard
Victory
Conquest
Starting age
Dark Age
Ending age
Imperial Age
RankedLock teamsTeams togetherTeam positionsShared explorationLock speedFull tech treeHidden civsTurbo modeCheats
Victory
Defeat
🇳🇱 Franks · Netherlands
1113
+10
🇺🇸 Teutons · United States
995
+15
🇺🇸 Vietnamese · United States
834
+21
🇹🇷 Bohemians · Türkiye
1004
-17
🇹🇷 Turks · Türkiye
954
-15
🇹🇷 Vietnamese · Türkiye
927
-14
Egeranto
6:23 Loom
10:36 Feudal Age
11:17 Double-Bit Axe
14:07 Horse Collar
15:06 Wheelbarrow
19:04 Castle Age
20:27 Bow Saw
22:42 Caravan
24:16 Heavy Plow
25:14 Hand Cart
32:02 Imperial Age
30:05 Pikeman
30:45 Squires
30:30 Arson
31:13 Town Watch
31:37 Wagenburg Tactics
33:19 Chemistry
33:35 Town Patrol
33:36 Halberdier
34:46 Forging
34:41 Scale Mail Armor
36:02 Guilds
37:58 Houfnice
40:32 Conscription
40:35 Chain Mail Armor
40:21 Padded Archer Armor
44:07 Leather Archer Armor
43:42 Fletching
44:28 Iron Casting
44:23 Plate Mail Armor
43:42 Arrowslits
44:08 Masonry
44:04 Siege Engineers
44:33 Ballistics
43:55 Treadmill Crane
46:35 Architecture
46:01 Murder Holes
46:26 Bombard Tower
46:19 Hussite Reforms
47:03 Elite Hussite Wagon
48:28 Bodkin Arrow
48:39 Scale Barding Armor
52:54 Blast Furnace
51:55 Bracer
52:25 Ring Archer Armor
52:16 Chain Barding Armor
51:27 Elite Skirmisher
53:37 Imperial Skirmisher
54:50 Guard Tower
59:55 Two-Man Saw
(DB) Eydur
2:38 Loom
14:22 Feudal Age
18:00 Castle Age
16:05 Horse Collar
16:14 Double-Bit Axe
22:28 Imperial Age
23:03 Loom
49:23 Heavy Camel Rider
50:19 Husbandry
50:30 Bloodlines
50:39 Bloodlines
56:54 Bow Saw
57:20 Scale Barding Armor
57:18 Scale Mail Armor
(DB) Ezdur
9:49 Loom
12:18 Feudal Age
12:59 Double-Bit Axe
13:03 Horse Collar
20:22 Castle Age
18:24 Stone Mining
19:09 Gold Mining
21:24 Wheelbarrow
21:13 Bow Saw
22:09 Coinage
22:29 Stone Shaft Mining
28:02 Pikeman
29:12 Squires
29:35 Scale Mail Armor
29:31 Fletching
30:43 Bodkin Arrow
33:08 Hand Cart
33:59 Caravan
36:59 Imperial Age
34:15 Town Watch
36:33 Chain Mail Armor
36:29 Forging
39:14 Halberdier
41:30 Guilds
41:52 Banking
43:41 Paper Money
45:08 Bracer
45:09 Padded Archer Armor
45:27 Elite Fire Lancer
45:53 Arson
46:46 Plate Mail Armor
46:52 Iron Casting
47:15 Elite Skirmisher
54:22 Thumb Ring
53:38 Imperial Skirmisher
61:45 Leather Archer Armor
63:08 Ring Archer Armor
62:44 Scale Barding Armor
ShootingDutchman
10:35 Feudal Age
12:14 Double-Bit Axe
18:58 Castle Age
17:30 Loom
18:00 Gold Mining
19:36 Forging
22:48 Scale Barding Armor
23:29 Town Watch
24:16 Husbandry
27:03 Iron Casting
30:25 Chain Barding Armor
32:42 Wheelbarrow
36:17 Imperial Age
36:12 Fletching
37:55 Hand Cart
37:09 Cavalier
39:52 Plate Barding Armor
39:48 Paladin
43:01 Blast Furnace
42:59 Bodkin Arrow
46:01 Pikeman
46:42 Squires
48:22 Town Patrol
48:24 Devotion
49:26 Conscription
50:36 Padded Archer Armor
50:38 Scale Mail Armor
50:45 Halberdier
51:40 Stone Mining
53:11 Ballistics
53:52 Chemistry
52:58 Siege Engineers
53:03 Masonry
54:42 Bow Saw
59:04 Guard Tower
59:45 Architecture
59:01 Arrowslits
60:21 Chain Mail Armor
RLF_jcat
8:05 Loom
10:25 Feudal Age
16:28 Castle Age
14:53 Double-Bit Axe
15:05 Horse Collar
18:45 Bow Saw
23:02 Stone Mining
23:11 Gold Mining
25:35 Wheelbarrow
27:33 Town Watch
28:44 Hand Cart
29:28 Squires
28:49 Pikeman
34:21 Imperial Age
32:49 Scale Barding Armor
32:54 Forging
35:02 Heavy Plow
35:28 Bloodlines
34:44 Cavalier
35:23 Halberdier
37:38 Two-Man Saw
38:44 Elite Skirmisher
40:03 Crop Rotation
40:33 Imperial Skirmisher
41:27 Fletching
41:40 Padded Archer Armor
41:42 Scale Mail Armor
42:21 Ballistics
43:15 Leather Archer Armor
43:01 Arson
46:20 Chemistry
45:26 Siege Engineers
45:51 Heavy Scorpion
48:38 Chain Mail Armor
48:58 Iron Casting
48:22 Onager
49:45 Iron Casting
49:07 Bodkin Arrow
52:20 Masonry
51:59 Siege Onager
55:26 Blast Furnace
54:57 Plate Mail Armor
55:13 Ring Archer Armor
59:10 Caravan
61:33 Chain Barding Armor
60:44 Paladin
63:42 Plate Barding Armor
BottleDry
7:36 Loom
11:11 Feudal Age
12:43 Horse Collar
14:16 Double-Bit Axe
18:50 Castle Age
20:45 Heavy Plow
20:59 Bow Saw
20:15 Crossbowman
24:45 Fletching
24:56 Padded Archer Armor
24:24 Pikeman
26:30 Wheelbarrow
27:58 Thumb Ring
28:38 Bodkin Arrow
28:59 Leather Archer Armor
31:05 Leather Archer Armor
30:21 Elite Skirmisher
35:20 Stone Mining
35:20 Gold Mining
38:43 Imperial Age
40:12 Imperial Skirmisher
41:49 Ring Archer Armor
42:10 Ballistics
43:02 Bracer
45:44 Chemistry
46:14 Arbalester
48:43 Hand Cart
49:34 Hand Cart
49:11 Town Watch
50:37 Stone Shaft Mining
49:53 Gold Mining
49:59 Gold Mining
51:17 Town Patrol
53:06 Fortified Wall
56:05 Forging
55:55 Scale Mail Armor
55:29 Halberdier
56:09 Squires
57:44 Two-Man Saw
57:12 Arson
57:44 Chain Mail Armor
58:05 Iron Casting
63:17 Plate Mail Armor
Connection lost

Rejoining the realm…

Still unreachable

The connection could not be restored.

Session expired

The server has moved on; the page needs a fresh start.